 Dungeon Crawl Stone Soup version 0.27-a0-1324-ge0d8e047f6 (webtiles) character file.

Game seed: 5714807803331033355

45 BattleRest the Shield-Bearer (level 3, 0/33 HPs)
             Began as a Minotaur Fighter on June 23, 2021.
             Killed from afar by Sigmund (8 damage)
             ... with a puff of flame
             ... on level 2 of the Dungeon.
             The game lasted 00:02:15 (1213 turns).

BattleRest the Shield-Bearer (Minotaur Fighter)     Turns: 1213, Time: 00:02:15

Health: 0/33       AC:  7    Str: 21    XL:     3   Next: 42%
Magic:  2/2        EV:  7    Int:  5    God:
Gold:   32         SH:  9    Dex:  9    Spells: 2/2 levels left

rFire    . . .     SeeInvis .   h - +1 hand axe (flame)
rCold    . . .     Faith    .   c - +0 kite shield
rNeg     + . .     Spirit   .   b - +0 scale mail
rPois    .         Reflect  .   (helmet restricted)
rElec    .         Harm     .   (no cloak)
rCorr    .         Rampage  .   (no gloves)
Will     .....                  (no boots)
Stlth    ..........             (no amulet)
HPRegen  0.11/turn              f - ring of positive energy
MPRegen  0.08/turn              (no ring)

@: no status effects
A: horns 2, retaliatory headbutt
a: no special abilities


You were on level 2 of the Dungeon.
You visited 1 branch of the dungeon, and saw 2 of its levels.

You collected 32 gold pieces.

Inventory:

Hand Weapons
 a - a +0 flail
 h - a +1 hand axe of flaming (weapon)
Armour
 b - a +0 scale mail (worn)
 c - a +0 kite shield (worn)
Jewellery
 f - a ring of positive energy (left hand)
Scrolls
 e - a scroll of immolation {unknown}
 g - 2 scrolls of teleportation {unknown}
 i - a scroll of amnesia {unknown}
 k - 4 scrolls of identify {unknown}
 l - a scroll of magic mapping {unknown}
 n - a scroll of fog {unknown}
Potions
 d - a potion of might
 j - 2 potions of mutation {unknown}
 m - 2 potions of haste {unknown}


   Skills:
 + Level 4.1 Fighting
 + Level 1.1(2.0) Axes
 - Level 2.5(2.6) Maces & Flails
 + Level 4.2 Armour
 + Level 4.3 Shields


You had 2 spell levels left.
You didn't know any spells.
Your spell library was empty.

Dungeon Overview and Level Annotations

Branches:
Dungeon (2/15)

Altars:

Annotations:
D:2 Sigmund


Innate Abilities, Weirdness & Mutations

You have a pair of horns on your head.
You reflexively headbutt those who attack you in melee.


Message History

The rat bites you but does no damage. Something closely misses you.
You're too terrified to move while being watched!
The rat bites you but does no damage.
You hear some strange, mumbled words.
A magic dart appears from out of thin air!
The magic dart hits you.
You're too terrified to move while being watched!
The rat barely misses you.
You hear some strange, mumbled words.
A puff of flame appears from out of thin air!
The puff of flame hits you! The rat barely misses you.
Something barely misses you. The rat bites you but does no damage.
Something hits you but does no damage. The rat completely misses you.
You hear some strange, mumbled words.
A magic dart appears from out of thin air!
The magic dart hits you!
* * * LOW HITPOINT WARNING * * *
You're too terrified to move while being watched!
You're too terrified to move while being watched!
The rat closely misses you. Something hits you but does no damage.
The rat closely misses you. Something closely misses you.
You're too terrified to move while being watched!
You're too terrified to move while being watched!
You barely miss something. The rat bites you but does no damage.
You release spores at something!
The rat closely misses you.
You release spores at the rat!
You kill the rat!
Your transformation is almost over.
You see here a bat corpse.
You stop sporulating.
Your +1 hand axe of flaming unmelds from your body.
Your +0 kite shield unmelds from your body.
Your +0 scale mail unmelds from your body.
Your +1 hand axe of flaming bursts into flame!
You start resting.
Sigmund is nearby!
Sigmund gestures at you while chanting. The puff of flame hits you!
You die...

.... ... #.. ..# #.. ..+ #.#
..# #.# #+ . ..# #.# #.# . ..#
#.# #.#######. ..#####+####
#.# #.)....... ...#≈≈≈.≈≈≈###
#@# #......... ..##≈##.##≈#.#
#.# #....#....
...#≈#.#.#≈#.###.# #....#....
...'†.#♣#..)..##.# #..†......
####≈#.#.#≈##.##.###
#..†...#.. #≈##.##≈##..#.@.#
#.##...#.{
#≈≈≈.≈≈≈###.#...#####.##...###
####+#### #..†..@.....##...#
####..#.......######


You could see Sigmund.

Vanquished Creatures
  An adder (D:2)
  2 dart slugs (D:1)
  2 ball pythons (D:1)
  An endoplasm (D:2)
  A giant cockroach (D:1)
  A goblin (D:1)
  A hobgoblin (D:1)
  5 jackals
  2 kobolds
  4 quokkas (D:1)
  6 bats
  A frilled lizard (D:1)
  2 rats
29 creatures vanquished.

Notes
Turn   | Place    | Note
-------+----------+-------------------------------------------
     0 | D:1      | BattleRest the Minotaur Fighter began the quest for the
                  | Orb.
     0 | D:1      | Reached XP level 1. HP: 19/19 MP: 0/0
   444 | D:1      | Reached XP level 2. HP: 24/27 MP: 1/1
   937 | D:1      | Reached XP level 3. HP: 33/33 MP: 2/2
  1143 | D:2      | Reached skill level 1 in Axes
  1170 | D:2      | Noticed Sigmund
  1213 | D:2      | Killed from afar by Sigmund

Illustrated notes

Levels and vault maps discovered:
D:1:      minmay_arrival_stair_chambers, layout_basic
D:2:      layout_basic, basic_ecumenical_altar, kennysheep_generic_room_9,
          uniq_sigmund

Skill      XL: |  1  2  3 |
---------------+----------+-----
Shields        | 4 |  4.3
Armour         | 4 |  4.2
Fighting       | 4 |  4.1
Axes           | 1 |  1.1
Maces & Flails | |  2.5

Action                   || total
-------------------------++-------
Melee: Flail             ||    34
       Headbutt          ||     6
       Hand axe          ||    34
       Unarmed           ||     3
Armor: Scale mail        ||    36
       Skin              ||     6
Dodge: Dodged            ||    36
Block: Kite shield       ||    35

Table legend: (Time is in decaauts)
 A = Elapsed time spent in this place.
 B = Non-inter-level travel time spent in this place.
 C = Inter-level travel time spent in this place.
 D = Time resting spent in this place.
 E = Time spent auto-exploring this place.
 F = Levels seen in this place.
 G = Mean time per level.
                   A        B        C        D        E       F      G
               +--------+--------+--------+--------+--------+-----+--------+
         Total |   1243 |   1236 |      7 |    348 |    682 |   2 |  621.5 |
       Dungeon |   1243 |   1236 |      7 |    348 |    682 |   2 |  621.5 |
               +--------+--------+--------+--------+--------+-----+--------+

Top non-repeatable levels by time:
     D:1: 1104 daAuts
     D:2: 138 daAuts
